 Dungeon Crawl Stone Soup version 0.31-a0-198-g2ad674f65e (webtiles) character file.

Game seed: 3490354855506624391

50 qw the Shooter (level 3, 0/20 HPs)
             Began as a Deep Elf Hunter on June 25, 2023.
             Slain by Ijyb
             ... wielding a +0 dagger
              (1 damage)
             ... on level 2 of the Dungeon.
             The game lasted 00:00:29 (1104 turns).

qw the Shooter (Deep Elf Hunter)                    Turns: 1104, Time: 00:00:29

Health: 0/20       AC:  5    Str: 10    XL:     3   Next: 55%
Magic:  5/5        EV: 11    Int: 13    God:
Gold:   107        SH:  0    Dex: 18    Spells: 2/2 levels left

rFire   . . .        Y - +0 shortbow
rCold   . . .        (shield currently unavailable)
rNeg    . . .        g - +0 ring mail
rPois   .            (no helmet)
rElec   .            (no cloak)
rCorr   .            (no gloves)
SInv    .            (no boots)
Will    .....        (no amulet)
Stlth   +            (no ring)
HPRegen 0.23/turn    (no ring)
MPRegen 0.09/turn

%: no passive effects
@: no status effects
A: no striking features
a: no special abilities


You were on level 2 of the Dungeon.
You visited 1 branch of the dungeon, and saw 2 of its levels.

You collected 107 gold pieces.


   Skills:
 - Level 1.5 Fighting
 + Level 7.1 Ranged Weapons
 - Level 2.4 Dodging
 - Level 1.2 Stealth


You had 2 spell levels left.
You didn't know any spells.
Your spell library was empty.

Inventory:

Hand Weapons
 Y - a +0 shortbow (weapon)
Armour
 g - a +0 ring mail (worn)
Jewellery
 b - a ring of see invisible
Scrolls
 a - a scroll of teleportation
 h - a scroll of vulnerability {unknown}
Potions
 c - a potion of haste {unknown}
 d - a potion of might
 e - a potion of lignification {unknown}
 f - a potion of cancellation {unknown}

Dungeon Overview and Level Annotations

Branches:
Dungeon (2/15)

Altars:

Annotations:
D:2 Ijyb


Message History

The arrow hits the goblin.
You kill the goblin!
A goblin comes into view. It is wielding a +0 club.
You shoot an arrow.
The arrow hits the goblin but does no damage.
Ijyb the Twisted Goblin comes into view.
She is wielding a +0 dagger, wearing a +1 chain mail of cold resistance and carrying a wand of iceblast (9).
A goblin comes into view. It is wielding a +0 club.
You shoot an arrow. The arrow closely misses the goblin.
The goblin shouts!
Ijyb shouts!
You shoot an arrow. The arrow barely misses the goblin.
The arrow hits the goblin.
The goblin is severely wounded.
You shoot an arrow. The arrow barely misses the goblin.
The arrow hits the goblin.
You kill the goblin!
You shoot an arrow. The arrow hits the goblin!
You kill the goblin!
You shoot an arrow. The arrow misses the goblin.
The arrow barely misses the goblin.
The goblin closely misses you. The goblin hits you with a +0 club.
The goblin hits you with a +0 dagger.
You shoot an arrow. The arrow hits Ijyb but does no damage.
The goblin hits you but does no damage. Ijyb hits you with a +0 dagger.
You shoot an arrow. The arrow hits Ijyb but does no damage.
The goblin hits you but does no damage. The goblin barely misses you.
The goblin misses you. Ijyb hits you with a +0 dagger.
You shoot an arrow. The arrow hits Ijyb but does no damage.
The goblin closely misses you. The goblin hits you with a +0 club.
The goblin hits you but does no damage. Ijyb closely misses you.
You shoot an arrow. The arrow hits Ijyb but does no damage.
The goblin hits you but does no damage. The goblin hits you with a +0 club.
The goblin hits you but does no damage. Ijyb hits you with a +0 dagger.
You shoot an arrow. The arrow closely misses Ijyb.
The goblin closely misses you. The goblin barely misses you.
The goblin closely misses you. Ijyb barely misses you.
You shoot an arrow. The arrow hits Ijyb but does no damage.
The goblin hits you with a +0 dagger. The goblin hits you with a +0 club. x2
Ijyb hits you but does no damage. The goblin hits you with a +0 club.
The goblin misses you. Ijyb hits you with a +0 dagger.
You die...

#.# #.# #:#
#.# #.# #.#
#.#
#####.#######
#...g@......#
#....ggg.###..
.........##
#8..)..8##
#.......#
#8.....8#
#.....).#
#8.....8#


You could see Ijyb and 3 goblins.

Vanquished Creatures
  A worm (D:2)
  7 endoplasms
  3 giant cockroaches
  6 goblins
  2 hobgoblins (D:1)
  3 jackals (D:2)
  4 kobolds (D:1)
  4 quokkas (D:1)
  4 bats
  2 frilled lizards (D:1)
  5 rats (D:1)
41 creatures vanquished.

Notes
Turn   | Place    | Note
-------+----------+-------------------------------------------
     0 | D:1      | qw the Deep Elf Hunter began the quest for the Orb.
     0 | D:1      | Reached XP level 1. HP: 12/12 MP: 3/3
     0 | D:1      | 0 ||| qw: Version: 0.3-a-22-g0ed2b0b
     0 | D:1      | 0 ||| qw: Game counter: 5167
     0 | D:1      | 0 ||| qw: Melee chars always use a shield: true
     0 | D:1      | 0 ||| qw: God list: Okawaru
     0 | D:1      | 0 ||| qw: Allow faded altars: false
     0 | D:1      | 0 ||| qw: Do Orc after clearing Dungeon:15 true
     0 | D:1      | 0 ||| qw: Do second Lair branch before Depths: true
     0 | D:1      | 0 ||| qw: Lair rune preference: random
     0 | D:1      | 0 ||| qw: Goals: Normal
     0 | D:1      | 0 ||| PLANNING D:1-11
   189 | D:1      | Reached XP level 2. HP: 13/16 MP: 4/4
   204 | D:1      | Reached skill level 6 in Ranged Weapons
   488 | D:1      | Reached XP level 3. HP: 20/20 MP: 5/5
   683 | D:1      | 683 ||| UPGRADING to +0 ring mail.
   693 | D:1      | 693 ||| DROPPING +0 leather armour.
   694 | D:1      | 694 ||| READING 2 scrolls labelled XEEPNOXTEIG.
   697 | D:1      | 697 ||| DRINKING 2 green potions.
   698 | D:1      | 698 ||| DRINKING 2 lumpy blue potions.
   699 | D:1      | 699 ||| DROPPING scroll of butterflies.
   700 | D:1      | 700 ||| DROPPING potion of brilliance.
   935 | D:2      | Reached skill level 7 in Ranged Weapons
  1093 | D:2      | Noticed Ijyb
  1104 | D:2      | HP: 5/20 [goblin/+0 club (2)]
  1104 | D:2      | HP: 2/20 [goblin/+0 club (3)]
  1104 | D:2      | Slain by Ijyb

Levels and vault maps discovered:
D:1:      minmay_arrival_widening_spiral_wide, layout_loops_ring
D:2:      kennysheep_the_goblin_king, layout_loops_corners

Skill      XL: |  1  2  3 |
---------------+----------+-----
Ranged Weapons | 6 7 |  7.1
Fighting       | |  1.5
Dodging        | |  2.4
Stealth        | |  1.2

Action                     || total
---------------------------++-------
   Fire: Shortbow          ||   132
    Use: Potion            ||     2
         Scroll            ||     1
 Armour: Leather armour    ||     7
         Ring mail         ||    18
  Dodge: Dodged            ||    43

Table legend:
 A = Non-vault XP
 B = Vault XP
 C = Vault XP percentage of total XP
 D = Non-vault monster count
 E = Vault monster count
 F = Vault count percentage of total count
                 A         B        C        D         E       F
            +---------+---------+-------+---------+---------+-------
      Total |      66 |       6 |   8.3 |      38 |       3 |   7.3
            +---------+---------+-------+---------+---------+-------
        D:1 |      42 |       0 |   0.0 |      27 |       0 |   0.0
        D:2 |      24 |       6 |  20.0 |      11 |       3 |  21.4
            +---------+---------+-------+---------+---------+-------
